AoeStats
← Joey-Noob-NL

African Clearing

503789122Analyzed
2v2 RM · 28d ago on Sep 2, 2026· 27m 5s· 4 players
Game mode
Random Map
Map size
Medium (4 player)
Population
200
Speed
Normal
Resources
Standard
Victory
Conquest
Starting age
Dark Age
Ending age
Imperial Age
RankedLock teamsTeams togetherTeam positionsShared explorationLock speedFull tech treeHidden civsTurbo modeCheats
Victory
Defeat
🇳🇱 Khitans · Netherlands
1373
+15
🇧🇪 Wei · Belgium
1300
+19
1363
-17
🇮🇹 Huns · Italy
1351
-17
Palmari
5:10 Loom
12:37 Feudal Age
16:07 Scale Barding Armor
17:13 Forging
20:10 Fletching
20:21 Padded Archer Armor
22:56 Castle Age
22:28 Double-Bit Axe
23:22 Horse Collar
26:39 Heavy Plow
Joey-Noob-NL
8:11 Loom
12:03 Feudal Age
13:10 Double-Bit Axe
15:43 Forging
16:07 Scale Barding Armor
21:52 Castle Age
20:04 Domestication
21:29 Gold Mining
23:12 Iron Casting
22:47 Husbandry
23:30 Bow Saw
23:07 Light Cavalry
25:34 Chain Barding Armor
pietro91
13:07 Feudal Age
16:40 Castle Age
15:51 Double-Bit Axe
肩扛大明两京一十三省
12:41 Feudal Age
16:56 Castle Age
15:54 Double-Bit Axe
18:01 Loom
27:14 Bow Saw
Connection lost

Rejoining the realm…

Still unreachable

The connection could not be restored.

Session expired

The server has moved on; the page needs a fresh start.